 Dungeon Crawl Stone Soup version 0.27.1-33-g824d729ab1 (webtiles) character file.

Game seed: 11872617043834740582

885 safid the Cleaver (level 8, -1/66 HPs)
             Began as a Hill Orc Fighter on Dec 21, 2021.
             Slain by a troll (11 damage)
             ... on level 4 of the Dungeon.
             The game lasted 00:13:20 (6025 turns).

safid the Cleaver (Hill Orc Fighter)                Turns: 6025, Time: 00:13:20

Health: -1/66      AC: 18    Str: 21    XL:     8   Next: 5%
Magic:  8/8        EV:  8    Int:  8    God:
Gold:   88         SH: 10    Dex: 10    Spells: 7/7 levels left

rFire    . . .     SeeInvis .   a - +0 war axe
rCold    . . .     Faith    .   c - +0 kite shield
rNeg     . . .     Spirit   .   l - +0 plate armour
rPois    .         Reflect  .   (no helmet)
rElec    .         Harm     .   (no cloak)
rCorr    .         Rampage  .   s - +0 pair of gloves
Will     .....                  n - +0 pair of boots
Stlth    ..........             (no amulet)
HPRegen  0.21/turn              w - +4 ring of protection
MPRegen  0.11/turn              A - +4 ring of evasion

@: about to teleport
A: no striking features
a: no special abilities


You were on level 4 of the Dungeon.
You visited 1 branch of the dungeon, and saw 6 of its levels.

You collected 198 gold pieces.
You spent 110 gold pieces at shops.

Inventory:

Hand Weapons
 a - a +0 war axe (weapon)
Missiles
 o - a throwing net
 t - 18 boomerangs
 u - 3 curare-tipped darts
 v - 19 poisoned darts (quivered)
Armour
 c - a +0 kite shield (worn)
 l - a +0 plate armour (worn)
 n - a +0 pair of boots (worn)
 s - a +0 pair of gloves (worn)
Jewellery
 w - a +4 ring of protection (left hand)
 A - a +4 ring of evasion (right hand)
Wands
 r - a wand of flame (8)
Scrolls
 e - a scroll of immolation {unknown}
 g - 2 scrolls of silence {unknown}
 k - 4 scrolls of blinking
 p - a scroll of teleportation
 q - a scroll of fear {unknown}
 y - 2 scrolls of magic mapping {unknown}
 B - a scroll of torment {unknown}
Potions
 b - a potion of haste {unknown}
 d - 2 potions of might
 f - 7 potions of curing
 h - 2 potions of brilliance {unknown}
 i - a potion of degeneration {unknown}
 j - a potion of heal wounds {unknown}
 m - 2 potions of flight {unknown}
 x - a potion of berserk rage
 z - a potion of lignification
 C - 2 potions of ambrosia {unknown}


   Skills:
 - Level 4.0 Fighting
 + Level 8.3 Axes
 - Level 4.0 Armour
 + Level 7.3 Shields


You had 7 spell levels left.
You didn't know any spells.
Your spell library contained the following spells:

 Spells                   Type           Power      Damage    Failure   Level
 Apportation              Tloc           0%         N/A       100%        1
 Alistair's Intoxication  Tmut/Pois      0%         N/A       100%        5
 Invisibility             Hex            0%         N/A       100%        6


Dungeon Overview and Level Annotations

Branches:
Dungeon (6/15)
 Temple: D:4-7

Altars:
Fedhas
Kikubaaqudgha
Trog

Shops:
D:4 =!

Annotations:
D:5 4 runed translucent doors, Crazy Yiuf; mrw3rdna's ghost, amateur MiFi


Message History

A sentinel's mark forms upon you.
You hear two shouts!
You hear a shout! x13
There is a stone staircase leading down here.
There is a stone staircase leading up here.
You block the troll's attack. The troll claws you but does no damage.
The troll claws you.
* * * LOW HITPOINT WARNING * * *
You climb upwards.
There is a stone staircase leading down here.
Things that are here:
2 scrolls of amnesia; 2 scrolls of noise The troll bites you!
* * * LOW HITPOINT WARNING * * *
The troll claws you.
* * * LOW HITPOINT WARNING * * *
The troll claws you but does no damage.
There is an open door here.
The troll bites you but does no damage. The troll claws you.
* * * LOW HITPOINT WARNING * * *
You block the troll's attack.
There is an open door here.
The sentinel's mark upon you fades away.
There is an open door here.
There is an open door here.
There is an open door here.
There is an open door here.
There is an open door here.
There is an open door here.
There is an open door here.
There is an open door here.
There is an open door here.
There is an open door here.
You see here a +0 club.
As you read the scroll of teleportation, it crumbles to dust.
You feel strangely unstable. The troll bites you but does no damage.
You block the troll's attack. x2
The troll bites you!
* * * LOW HITPOINT WARNING * * *
The troll claws you!
You die...

...#♣.8# #.................
...#...# #................#
...#♣.8# #.................
...#...# #..##..####...##.#
...#8.8# #'###..######'##..
...#...# ####......<......#
...#♣.♣# #..#......).......
...#...#########(.##...###'##.##.
####8.♣##......#@.##...###.######
...#...##.>...≈#T.##...#.........
...#8.♣##....^≈##..#...'...†.....
####...##....≈≈≈#..##..#...##....
...#8.♣##....≈≈≈##..#########....
...#...######≈≈≈≈#..#.......#....
...#♣.♣# #..#≈≈≈##..#....<..#....
...#...# #..#≈≈≈#..##.......##'##
...#♣.♣# #..'.≈≈#..#.............


You could see a troll.

Vanquished Creatures
  An ogre (D:4)
  A phantom (D:5)
  2 kobold brigands (D:4)
  Blork the orc (D:5)
  A water moccasin zombie (D:6)
  A hound (D:5)
  A bullfrog skeleton (D:5)
  2 jellies
  2 iguanas
  2 orc wizards
  A killer bee zombie (D:6)
  2 hound skeletons (D:4)
  A howler monkey skeleton (D:4)
  8 adders
  A worm (D:2)
  5 dart slugs
  11 orcs
  8 ball pythons
  10 endoplasms
  5 giant cockroaches
  7 goblins
  8 hobgoblins
  2 jackals (D:4)
  16 kobolds
  3 quokkas
  3 bats
  4 frilled lizards
  A quokka skeleton (D:4)
  7 rats
117 creatures vanquished.

Notes
Turn   | Place    | Note
-------+----------+-------------------------------------------
     0 | D:1      | safid the Hill Orc Fighter began the quest for the Orb.
     0 | D:1      | Reached XP level 1. HP: 19/19 MP: 1/1
   112 | D:1      | Reached skill level 3 in Axes
   112 | D:1      | Reached XP level 2. HP: 27/27 MP: 2/2
   268 | D:1      | Found a faded altar of an unknown god.
   522 | D:1      | Reached XP level 3. HP: 21/33 MP: 3/3
  1235 | D:2      | Reached XP level 4. HP: 37/40 MP: 4/4
  1738 | D:3      | Reached skill level 4 in Axes
  1759 | D:3      | Found a blossoming altar of Fedhas.
  1809 | D:3      | Found an ancient bone altar of Kikubaaqudgha.
  2506 | D:3      | Reached XP level 5. HP: 43/46 MP: 5/5
  2956 | D:4      | Noticed a kobold brigand
  2957 | D:4      | Noticed a kobold brigand
  3013 | D:4      | Reached skill level 5 in Axes
  3017 | D:4      | Reached skill level 5 in Shields
  3199 | D:4      | Found Koeduruts's Jewellery Emporium.
  3223 | D:4      | Killed a kobold brigand
  3224 | D:4      | Reached XP level 6. HP: 23/52 MP: 6/6
  3470 | D:4      | Reached skill level 6 in Axes
  3962 | D:4      | Reached XP level 7. HP: 51/59 MP: 7/7
  4022 | D:4      | Found a bloodstained altar of Trog.
  4027 | D:4      | Found Ziusm's Distillery.
  4036 | D:4      | Bought a potion of curing for 30 gold pieces
  4036 | D:4      | Bought a potion of berserk rage for 50 gold pieces
  4036 | D:4      | Bought a potion of lignification for 30 gold pieces
  4372 | D:5      | Entered Level 5 of the Dungeon
  4397 | D:5      | Noticed a two-headed ogre
  4828 | D:5      | Reached skill level 7 in Axes
  5127 | D:5      | Found a runed translucent door.
  5128 | D:5      | Noticed Crazy Yiuf
  5299 | D:5      | Found a runed translucent gate.
  5300 | D:5      | Noticed mrw3rdna's ghost (amateur MiFi)
  5301 | D:5      | Found a runed translucent gate.
  5301 | D:5      | Found a runed translucent gate.
  5580 | D:6      | Noticed Blork the orc
  5592 | D:5      | Killed Blork the orc
  5719 | D:6      | Reached skill level 8 in Axes
  5729 | D:6      | Reached XP level 8. HP: 48/66 MP: 8/8
  5868 | D:6      | Noticed a troll
  5951 | D:4      | HP: 3/66 [troll (5)]
  6025 | D:4      | Slain by a troll

Illustrated notes

Levels and vault maps discovered:
D:1:      dpeg_arrival_rhombus, layout_basic,
          hellmonk_ecumenical_altar_inner_sanctum, minmay_pentomino_u2
D:2:      layout_loops_ring
D:3:      layout_loops_corners, fedhas_altar_fruit_tree,
          mainiacjoe_overflow_alcove_1
D:4:      cheibrodos_thug_alley, layout_gridville, trog_butcher_becter,
          serial_glass, glass_columns_a, glass_columns_a, glass_columns_c,
          glass_columns_a, serial_shops, shop_fountains,
          nicolae_shop_behind_doors, st_stairs_3,
          chequers_serial_rivers_micro_b, chequers_avenue
D:5:      layout_basic, gammafunk_ghost_nasty_kobolds, abandoned_shop,
          uniq_crazy_yiuf_cottage
D:6:      layout_rooms, uniq_pikel, uniq_maggie, uniq_blork_the_orc

Skill      XL: |  1  2  3  4  5  6  7 |
---------------+----------------------+-----
Axes           | 3 4 5 6 8 |  8.3
Fighting       | 4 |  4.0
Shields        | 4 5 6 7 |  7.3
Armour         | 4 |  4.0

Action                   |  1- 3 |  4- 6 |  7- 9 || total
-------------------------+-------+-------+-------++-------
Melee: War axe           |    95 |   200 |   117 ||   412
Throw: Dart              |       |     1 |     9 ||    10
Evoke: Wand              |       |     3 |       ||     3
  Use: Scroll            |       |       |     5 ||     5
Armor: Scale mail        |    34 |       |       ||    34
       Plate armour      |    21 |   152 |    76 ||   249
Dodge: Dodged            |    23 |    33 |    41 ||    97
Block: Kite shield       |    41 |   106 |    78 ||   225
